 Dungeon Crawl Stone Soup version 0.27-a0-1119-gbf574a6a6b (webtiles) character file.

Game seed: 12217044355642237238

417 Zeld the Grasshopper (level 6, 12/42 HPs)
             Began as an Octopode Warper on May 3, 2021.
             Quit the game in an ossuary.
             The game lasted 00:11:54 (8086 turns).

Zeld the Grasshopper (Octopode Warper)              Turns: 8086, Time: 00:11:55

Health: 12/42      AC:  1    Str: 12    XL:     6   Next: 92%
Magic:  9/10       EV: 13    Int: 16    God:
Gold:   203        SH:  0    Dex: 11    Spells: 3/11 levels left

rFire    . . .     SeeInvis .   n - +0 hunting sling
rCold    . . .     Faith    .   (no shield)
rNeg     . . .     Spirit   .   (helmet restricted)
rPois    .         Reflect  .   l - amulet of the acrobat
rElec    .         Harm     .   (no ring)
rCorr    .         Rampage  .   (no ring)
Will     .....                  (no ring)
Stlth    ++........             (no ring)
HPRegen  0.14/turn              (no ring)
MPRegen  0.12/turn              (no ring)
                                (no ring)
                                (no ring)

@: quite poisoned (12 -> 7)
A: almost no armour, amphibious, 8 rings, camouflage 1, gelatinous body 1,
(nimble swimmer 1), tentacles
a: no special abilities


You were in an ossuary.
You visited 1 branch of the dungeon, and saw 4 of its levels.
You also visited: Ossuary.

You collected 203 gold pieces.

Inventory:

Hand Weapons
 n - a +0 hunting sling (weapon)
Missiles
 c - 120 stones (quivered ammo)
 h - 4 boomerangs
 j - 7 javelins
 m - 17 poisoned darts
Jewellery
 l - an amulet of the acrobat (around mantle)
Scrolls
 b - a scroll of blinking
 e - 2 scrolls of teleportation {unknown}
 f - 2 scrolls of amnesia {unknown}
 p - a scroll of identify {unknown}
 q - a scroll of magic mapping {unknown}
Potions
 a - a potion of brilliance {unknown}
 g - a potion of heal wounds {unknown}
 i - a potion of attraction {unknown}
 k - 2 potions of degeneration {unknown}
 o - a potion of magic {unknown}


   Skills:
 + Level 3.2 Fighting
 * Level 2.3(2.9) Slings
 - Level 2.6(3.1) Throwing
 + Level 3.4 Dodging
 - Level 2.0 Unarmed Combat
 + Level 3.0 Spellcasting
 * Level 4.7 Translocations


You had 3 spell levels left.
You knew the following spells:

 Your Spells              Type           Power      Damage    Failure   Level
a - Blink                 Tloc           N/A        N/A       4%          2
b - Gell's Gravitas       Tloc           8%         N/A       8%          3
c - Lesser Beckoning      Tloc           8%         N/A       8%          3

Your spell library contained the following spells:

 Spells                   Type           Power      Damage    Failure   Level
 Teleport Other           Tloc           17%        N/A       8%          3
 Corona                   Hex            2%         N/A       19%         1
 Shock                    Conj/Air       8%         1d3       19%         1
 Summon Small Mammal      Summ           8%         N/A       19%         1
 Call Imp                 Summ           2%         N/A       28%         2
 Corpse Rot               Necr/Air       N/A        N/A       28%         2
 Ensorcelled Hibernation  Hex/Ice        4%         N/A       28%         2
 Call Canine Familiar     Summ           2%         N/A       50%         3
 Confusing Touch          Hex            2%         N/A       50%         3
 Dazzling Flash           Conj/Hex       4%         N/A       50%         3
 Ignite Poison            Fire/Tmut/Pois 2%         N/A       50%         3
 Spider Form              Tmut/Pois      1%         N/A       50%         3
 Summon Guardian Golem    Hex/Summ       2%         N/A       50%         3
 Tukima's Dance           Hex            2%         N/A       50%         3
 Manifold Assault         Tloc           17%        N/A       58%         5
 Airstrike                Air            1%         N/A       88%         4
 Summon Ice Beast         Ice/Summ       2%         N/A       88%         4
 Summon Lightning Spire   Summ/Air       2%         N/A       88%         4
 Freezing Cloud           Conj/Ice/Air   1%         6-21      100%        6


Dungeon Overview and Level Annotations

Branches:
Dungeon (4/15)            Ossuary (1/1)
 Temple: D:4-7

Altars:

Shops:
D:1 *


Innate Abilities, Weirdness & Mutations

You cannot wear most types of armour.
You are amphibious.
You can wear up to eight rings at the same time.
Your skin changes colour to match your surroundings (Stealth+).
Your rubbery body absorbs attacks. (AC +1, EV +1)
((You are camouflaged near water. (Stealth+)))
You have tentacles for arms and can constrict up to eight enemies at once.


Message History

You shoot a stone.
The stone hits the centaur zombie but does no damage.
The centaur zombie is almost destroyed.
The centaur zombie hits you. The centaur zombie misses you.
You clumsily bash the centaur zombie but do no damage.
The centaur zombie is almost destroyed.
The centaur zombie hits you. The centaur zombie misses you.
The centaur zombie completely misses you.
The centaur zombie closely misses you.
You shoot a stone. The stone hits the centaur zombie.
You destroy the centaur zombie!
Your Spellcasting skill increases to level 3!
There is an open door here.
You see here 7 stones.
Your line of fire to the scorpion is blocked by a granite statue.
Continue anyway? [Y]es or [N]o only, please.
Your line of fire to the scorpion is blocked by a granite statue.
Continue anyway?
Okay, then.
You shoot a stone. The stone barely misses the scorpion.
You shoot a stone. The stone barely misses the scorpion.
The scorpion misses you.
You shoot a stone. The stone hits the scorpion.
The scorpion is lightly wounded.
The scorpion completely misses you.
You shoot a stone.
The stone hits the scorpion but does no damage.
The scorpion is lightly wounded.
The scorpion stings you!
You are poisoned.
The scorpion poisons you!
You are too injured to fight recklessly!
You are too injured to fight recklessly!
You clumsily bash the scorpion but do no damage.
You grab the scorpion. You squeeze the scorpion.
The scorpion is lightly wounded.
You constrict the scorpion, but do no damage.
You feel very sick. The scorpion barely misses you. The scorpion stings you.
* * * LOW HITPOINT WARNING * * *
Are you sure you want to abandon this character and quit the game? (Confirm with "yes".)

#####################
.#!..#^^^#...#...#...#
.'!.?#^^^'...8...#.∩.#
.#!!Z#^^^#.......#...#
######(###8...8###'##
#...#@(.#.......#...#
#...8s..#...8...'.∩.#
#.....(.#...#...#...#
##8...8##############
#.......#^^^#=!!#
#...8.(.(^^^#...'
#...#(.(#^^^#!=?#
##########(#######
#.((..# ...


You could see a scorpion.

Vanquished Creatures
  A scorpion (Ossuary)
  A centaur zombie (Ossuary)
  3 human zombies (Ossuary)
  Jessica (D:3)
  2 scorpion zombies
  A hound zombie (D:3)
  2 mummies (Ossuary)
  3 gnolls (D:4)
  An adder (D:3)
  An adder skeleton (D:3)
  An adder zombie (D:3)
  2 worms (D:2)
  3 dart slugs
  2 orcs (D:4)
  3 ball pythons
  7 endoplasms
  5 giant cockroaches
  15 goblins
  5 hobgoblins
  5 kobolds
  2 quokkas (D:1)
  2 ball python skeletons (D:3)
  A ball python zombie (D:3)
  5 bats
  2 frilled lizards (D:1)
  A goblin zombie (Ossuary)
  A hobgoblin zombie (Ossuary)
  A jackal skeleton (D:3)
  2 kobold zombies (Ossuary)
  7 rats
88 creatures vanquished.

Vanquished Creatures (others)
  An orc zombie (Ossuary)
  4 fungi (D:1)
  4 plants (D:1)
9 creatures vanquished.

Grand Total: 97 creatures vanquished

Notes
Turn   | Place    | Note
-------+----------+-------------------------------------------
     0 | D:1      | Zeld the Octopode Warper began the quest for the Orb.
     0 | D:1      | Reached XP level 1. HP: 14/14 MP: 3/3
    18 | D:1      | Found Hiurof's General Store.
   132 | D:1      | Reached XP level 2. HP: 4/19 MP: 5/5
   474 | D:1      | Learned a level 2 spell: Blink
   784 | D:1      | Found a faded altar of an unknown god.
  1034 | D:1      | Reached XP level 3. HP: 4/24 MP: 6/6
  2232 | D:2      | Learned a level 3 spell: Gell's Gravitas
  2734 | D:2      | HP: 1/25 [dart slug/slug dart (5)]
  3417 | D:2      | Reached XP level 4. HP: 30/30 MP: 7/7
  3655 | D:3      | Noticed Jessica
  3665 | D:3      | Killed Jessica
  3942 | D:3      | Reached XP level 5. HP: 19/35 MP: 8/8
  4733 | D:3      | Reached skill level 4 in Translocations
  5509 | D:4      | Reached skill level 1 in Slings
  5578 | D:4      | Learned a level 3 spell: Lesser Beckoning
  5592 | D:4      | Identified Fivujyats's Almanac of Virous Flight
  5703 | D:4      | Found a sand-covered staircase.
  5712 | Ossuary  | Entered an ossuary
  5759 | Ossuary  | Reached XP level 6. HP: 7/41 MP: 0/10
  8086 | Ossuary  | Quit the game

Illustrated notes

Levels and vault maps discovered:
D:1:      mrwooster_arrival_statue, layout_rooms, serial_shops, shop,
          shapermc_ecumenical_altar_mp_urbaneastern
D:2:      layout_loops_ring
D:3:      kennysheep_the_goblin_king, layout_basic, serial_undead,
          serial_undead_f, serial_undead_b, serial_undead_d, serial_undead_a,
          uniq_jessica
D:4:      layout_loops_ring, grunt_temple_overflow_gold_and_silver,
          nicolae_ru_sacrificial_ziggurat, jmf_multi_god_temple2,
          lightli_ossuary_entry_decrepit_ruins, nrook_loot_triangle
Ossuary:  ossuary_minmay_scorpions

Skill      XL: |  1  2  3  4  5  6 |
---------------+-------------------+-----
Throwing       | 2 |  2.6
Dodging        | 3 |  3.4
Translocations | 4 |  4.7
Slings         | 1 2 |  2.3
Fighting       | 3 |  3.2
Spellcasting   | 3 |  3.0
Unarmed Combat | |  2.0

Action                   |  1- 3 |  4- 6 || total
-------------------------+-------+-------++-------
Melee: Unarmed           |    72 |     9 ||    81
       Constrict         |    21 |    10 ||    31
       Tentacles         |    13 |    13 ||    26
       Dagger            |     3 |       ||     3
       Hunting sling     |       |    21 ||    21
 Fire: Hunting sling     |       |   191 ||   191
Throw: Boomerang         |    13 |    37 ||    50
       Stone             |   124 |       ||   124
       Dart              |       |     3 ||     3
 Cast: Blink             |     7 |    41 ||    48
  Use: Potion            |       |     2 ||     2
 Stab: Sleeping          |     1 |       ||     1
Armor: Skin              |    11 |    18 ||    29
Dodge: Dodged            |    77 |   137 ||   214

Table legend: (Time is in decaauts)
 A = Elapsed time spent in this place.
 B = Non-inter-level travel time spent in this place.
 C = Inter-level travel time spent in this place.
 D = Time resting spent in this place.
 E = Time spent auto-exploring this place.
 F = Levels seen in this place.
 G = Mean time per level.
                   A        B        C        D        E       F      G
               +--------+--------+--------+--------+--------+-----+--------+
         Total |   8123 |   8028 |     95 |   2306 |   4562 |   5 | 1624.6 |
       Dungeon |   5730 |   5635 |     95 |    822 |   3933 |   4 | 1432.5 |
       Ossuary |   2392 |   2392 |      0 |   1484 |    629 |   1 | 2392.0 |
               +--------+--------+--------+--------+--------+-----+--------+

Top non-repeatable levels by time:
 Ossuary: 2392 daAuts
     D:3: 2332 daAuts
     D:2: 1559 daAuts
     D:1: 1559 daAuts
     D:4: 279 daAuts
